cohdb
Replays
Latest Replays
All Replays
Popular Replays
Top Player Replays
Match Explorer
How It Works
Community
CoH3 Stats
Reddit
Sign in to upload your games and track your stats! →
Sign in with Steam
Match 45610800
Unlisted
Match 45610800
Overview
Messages
Build Orders
End
Vickers Machine Gun Team
Construct Section Command Post
Dingo Light Scout Car
Infantry Section
Infantry Section
Construct Platoon Command Post
Humber Armored Car
Humber Armored Car
6-pounder Anti-tank Gun Team
Selects Canadian Shock Battlegroup
Selects Attacking Spirit
Grenade Package
Selects Incendiary Munitions
Ra11
MatioS
Cohlonoscoper
Dirkradix
Rihhno
Reactive
Sgt wiggumZ
ρ=ρca(t)3Ω
0
0
Comments
sign in to comment!
No comments posted yet!